 Dungeon Crawl Stone Soup version 0.23.1 (webtiles) character file.

Game seed: 9858110780882312109

120 Kairos the Sneak (level 5, -13/26 HPs)
             Began as a Vine Stalker Assassin on Mar 10, 2019.
             Shot with an arrow by a centaur (15 damage)
             ... on level 3 of the Dungeon.
             The game lasted 00:03:29 (1652 turns).

Kairos the Sneak (Vine Stalker Assassin)            Turns: 1652, Time: 00:03:29

Health: -13/26     AC:  3    Str: 13    XL:     5   Next: 4%
Magic:  0/6        EV: 12    Int: 16    God:
Gold:   115        SH:  0    Dex: 17    Spells: 4/4 levels left

rFire    . . .     SeeInvis .   a - +2 dagger
rCold    . . .     Gourm    .   (no shield)
rNeg     . . .     Faith    .   c - +0 robe
rPois    .         Spirit   +   (no helmet)
rElec    .         Reflect  .   q - +0 cloak
rCorr    .         Harm     .   (no gloves)
MR       .....                  (no boots)
Stlth    ++++......             (no amulet)
HPRegen  0.48/turn              n - +5 ring of intelligence
MPRegen  0.10/turn              (no ring)

@: no status effects
A: fangs 2, regeneration 1, magic shield, antimagic bite, no potion heal 3, rot
immunity
a: no special abilities


You were on level 3 of the Dungeon.
You were not hungry.

You visited 1 branch of the dungeon, and saw 3 of its levels.

You collected 115 gold pieces.

Inventory:

Hand Weapons
 a - a +2 dagger (weapon)
 b - a +0 blowgun
Missiles
 e - 8 poisoned needles
 f - 2 curare-tipped needles
Armour
 c - a +0 robe (worn)
 d - a +0 cloak
 q - a +0 cloak (worn)
Jewellery
 n - a +5 ring of intelligence (left hand)
 s - an uncursed ring of positive energy
 w - an uncursed ring of ice
Scrolls
 h - 2 scrolls of teleportation
 m - a scroll of identify {unknown}
 p - a scroll of remove curse {unknown}
 r - a scroll of random uselessness {unknown}
 u - a scroll of enchant armour {unknown}
Potions
 i - a potion of flight {unknown}
 j - a potion of degeneration {unknown}
 k - a potion of agility {unknown}
 l - 2 potions of curing {unknown}
 o - a potion of cancellation {unknown}
 t - a potion of haste {unknown}
Comestibles
 g - 5 rations
 v - 2 chunks of flesh


   Skills:
 + Level 2.1 Fighting
 * Level 2.8 Short Blades
 + Level 1.9 Throwing
 + Level 1.0 Dodging
 * Level 6.6 Stealth


You had 4 spell levels left.
You didn't know any spells.
Your spell library was empty.

Dungeon Overview and Level Annotations

Branches:
Dungeon (3/15)

Altars:
Hepliaklqana
Trog

Annotations:
D:3 Ijyb


Innate Abilities, Weirdness & Mutations

You have extremely sharp teeth.
Your natural rate of healing is unusually fast.
When hurt, damage is shared between your health and your magic reserves.
Your bite disrupts and absorbs the magic of your enemies.
Potions cannot restore your health.
You are immune to rotting.


Message History

You eat one of the 4 chunks of flesh.
This raw flesh tastes terrible.
Magic restored.
You start resting.
Eating one of 3 chunks of flesh.
You eat one of the 3 chunks of flesh.
This raw flesh tastes terrible.
HP restored.
You climb downwards.
You hear the sound of rushing water.
There is an entrance to a sewer on this level.
Hurry and find it before the portal rusts away!
Level annotation: Ijyb You hear the brisk rusting of a distant drain.
The centaur shoots an arrow.
The arrow hits you!
Ouch! That really hurt!
The centaur shoots an arrow.
The arrow hits you!
* * * LOW HITPOINT WARNING * * *
There is a stone staircase leading up, spattered with blood here.
You see here 2 arrows.
The centaur shoots an arrow.
The arrow hits you!
Ouch! That really hurt!
You die...

,,,,***,*≈*,###.* **..,,≈≈
***,,,,,*≈*,,...* *..,,,**
*,***,*≈*,###.### *.#**** #
*,,.#,#≈*,#.....########.## #
*##.#**≈###...............#
###...,,,...................#
..>.########................#
............................#
............##..@...).......#
.............#.(............#
..................###########
............?c(...##
####..........?....#
......$.......#.##.#
####.......(....##.#
#...†(.(.....##.# *
#......(......#.#######****


You could see a centaur.

Vanquished Creatures
  4 adders (D:2)
  3 worms (D:2)
  2 dart slugs
  2 orcs (D:3)
  2 ball pythons
  13 bats
  3 giant cockroaches
  9 goblins
  9 hobgoblins
  A quokka (D:3)
  6 frilled lizards
  7 kobolds
  6 rats
67 creatures vanquished.

Notes
Turn   | Place    | Note
-------+----------+-------------------------------------------
     0 | D:1      | Kairos the Vine Stalker Assassin began the quest for the
                  | Orb.
     0 | D:1      | Reached XP level 1. HP: 11/11 MP: 2/2
    28 | D:1      | Reached skill level 5 in Stealth
    76 | D:1      | Reached XP level 2. HP: 15/15 MP: 3/3
   553 | D:1      | Reached XP level 3. HP: 14/18 MP: 4/4
   704 | D:2      | Found a hazy altar of Hepliaklqana.
   731 | D:2      | Found a bloodstained altar of Trog.
   749 | D:2      | Reached skill level 1 in Dodging
   835 | D:2      | Reached skill level 6 in Stealth
   914 | D:2      | Gained mutation: Your natural rate of healing is unusually
                  | fast. [Vine Stalker growth]
   914 | D:2      | Reached XP level 4. HP: 12/23 MP: 1/5
  1427 | D:3      | Noticed a centaur
  1493 | D:3      | Noticed Ijyb
  1620 | D:2      | Reached XP level 5. HP: 11/26 MP: 4/6
  1652 | D:3      | Shot with an arrow by a centaur

Skill      XL: |  1  2  3 |
---------------+----------+-----
Stealth        | 5 6 |  6.6
Fighting       | 2 |  2.1
Short Blades   | 2 |  2.8
Dodging        | 1 |  1.0
Throwing       | |  1.9

Action                   |  1- 3 |  4- 6 || total
-------------------------+-------+-------++-------
Melee: Dagger            |    97 |    74 ||   171
       Bite              |    22 |    17 ||    39
  Use: Scroll            |     1 |     1 ||     2
 Stab: Sleeping          |    16 |    10 ||    26
       Distracted        |     1 |       ||     1
  Eat: Chunk             |       |     3 ||     3
Armor: Robe              |    16 |    17 ||    33
Dodge: Dodged            |    45 |    46 ||    91
